 Dungeon Crawl Stone Soup version 0.22-a0-197-g4ac3794 (webtiles) character file.

94 Ghella the Slasher (level 4, -2/32 HPs)
             Began as a Gnoll Wanderer on Feb 18, 2018.
             Killed from afar by an orc wizard (11 damage)
             ... with a puff of frost
             ... on level 4 of the Dungeon.
             The game lasted 00:08:51 (8034 turns).

Ghella the Slasher (Gnoll Wanderer)                 Turns: 8034, Time: 00:08:52

Health: -2/32      AC:  2    Str: 16    XL:     4   Next: 63%
Magic:  11/11      EV: 11    Int: 14    God:
Gold:   228        SH:  4    Dex: 14    Spells: 8/13 levels left

rFire    . . .     SeeInvis .   n - -3 hand axe (curse)
rCold    . . .     Gourm    .   o - +0 buckler
rNeg     . . .     Faith    .   e - +0 robe
rPois    .         Spirit   .   (no helmet)
rElec    .         Reflect  .   (no cloak)
rCorr    .         Harm     .   (no gloves)
MR       .....                  (no boots)
Stlth    ++........             (no amulet)
HPRegen  0.10/turn              (no ring)
MPRegen  0.12/turn              (no ring)

@: no status effects
A: distributed training, fangs 1, strong nose
a: no special abilities


You were on level 4 of the Dungeon.
You were near starving.

You visited 1 branch of the dungeon, and saw 4 of its levels.

You collected 228 gold pieces.

Inventory:

Hand Weapons
 a - a +0 club
 b - a +2 blowgun
 n - a cursed -3 hand axe (weapon)
 t - a +3 great mace of protection
Missiles
 g - a curare-tipped needle
 q - 22 poisoned needles
Armour
 e - a +0 robe (worn)
 h - a +1 chain mail
 o - a +0 buckler (worn)
Scrolls
 p - a scroll of magic mapping {unknown}
 r - a scroll of enchant weapon
Potions
 i - 2 potions of heal wounds {unknown}
 j - a potion of lignification {unknown}
 k - 2 potions of degeneration {unknown}
 l - a potion of might {unknown}
 m - 2 potions of magic {unknown}
 s - a potion of brilliance {unknown}
Books
 c - Leonif's Papyrus of Battle Magic

   Spells                             Type                      Level
   a - Sting                          Conjuration/Poison           1
   b - Static Discharge               Conjuration/Air              3
 d - the Guide on Conjuration

   Spells                             Type                      Level
   a - Magic Dart                     Conjuration                  1
   b - Static Discharge               Conjuration/Air              3
Comestibles
 f - 4 rations


   Skills:
 + Level 1.2 Fighting
 + Level 1.2 Short Blades
 + Level 6.6 Long Blades
 + Level 1.2 Axes
 + Level 1.2 Maces & Flails
 + Level 1.2 Polearms
 + Level 1.2 Staves
 + Level 1.2 Slings
 + Level 1.2 Bows
 + Level 1.2 Crossbows
 + Level 2.8 Throwing
 + Level 1.2 Armour
 + Level 1.2 Dodging
 + Level 2.6 Stealth
 + Level 1.2 Shields
 + Level 1.2 Unarmed Combat
 + Level 5.1 Spellcasting
 + Level 1.0 Conjurations
 + Level 1.0 Hexes
 + Level 1.0 Charms
 + Level 1.0 Summonings
 + Level 1.0 Necromancy
 + Level 3.8 Translocations
 + Level 2.2 Transmutations
 + Level 1.0 Fire Magic
 + Level 1.0 Ice Magic
 + Level 1.0 Air Magic
 + Level 1.0 Earth Magic
 + Level 1.0 Poison Magic
 + Level 1.3 Invocations
 + Level 1.2 Evocations


You had 8 spell levels left.
You knew the following spells:

 Your Spells              Type           Power        Failure   Level  Hunger
a - Magic Dart            Conj           #...         16%         1    None
b - Sting                 Conj/Pois      #...         16%         1    None
c - Static Discharge      Conj/Air       #.......     43%         3    ###....


Dungeon Overview and Level Annotations

Branches:
Dungeon (4/15)
 Temple: D:4-7

Altars:
Nemelex Xobeh
Ru


Innate Abilities, Weirdness & Mutations

Your experience applies equally to all skills.
You have very sharp teeth.
Your uncanny sense of smell can sniff out nearby items.


Message History

You bite the orc wizard, but do no damage.
The orc wizard is lightly wounded.
The orc wizard points at you and mumbles some strange words.
The puff of frost hits you!
The orc wizard shouts!
You hit the orc wizard.
The orc wizard is moderately wounded.
The orc wizard casts a spell.
The orc wizard flickers and vanishes!
Deactivating autopickup; reactivate with Ctrl-A.
The orc wizard barely misses you.
You hear some strange, mumbled words.
The orc wizard gestures at you while chanting.
The puff of flame hits you! The orc wizard casts a spell at you.
The magic dart hits you!
* * * LOW HITPOINT WARNING * * *
A puff of frost appears from out of thin air!
The puff of frost hits you!
You die...

#......[....#
#...#
###.####.[..#
#..## #.##
##...## #.##
##.# #.>..# #.#
#.# #..#.## #.#
#.#
#.###.#####.#
#.# #.#
##..##..# #.#
#.# ##....##
#.# #@## ######
#.# ##.# #.#
#.## #.# #..#
### #..## ##oo#
##### ..
#..####...##..#
##...........#
##.........##


You could see an orc wizard and an orc.

Vanquished Creatures
  An orc priest (D:4)
  An ooze (D:1)
  A worm (D:2)
  2 dart slugs (D:1)
  2 leopard geckos
  4 giant cockroaches (D:1)
  4 goblins
  3 hobgoblins
  6 jackals
  A quokka (D:2)
  9 bats
  2 frilled lizards (D:1)
  7 kobolds
  6 rats
49 creatures vanquished.

Notes
Turn   | Place    | Note
-------+----------+-------------------------------------------
     0 | D:1      | Ghella the Gnoll Wanderer began the quest for the Orb.
     0 | D:1      | Ghella set off with: 2 curare-tipped needles, a +2 blowgun, Leonif's Papyrus of Battle Magic, the Guide on Conjuration, a +0 robe, a ration
     0 | D:1      | Reached XP level 1. HP: 13/13 MP: 6/6
     0 | D:1      | Identified Leonif's Papyrus of Battle Magic
     0 | D:1      | Identified the Guide on Conjuration
     2 | D:1      | Learned a level 1 spell: Magic Dart
     4 | D:1      | Learned a level 1 spell: Sting
   612 | D:1      | Reached XP level 2. HP: 8/19 MP: 7/7
  2071 | D:1      | Reached XP level 3. HP: 6/25 MP: 7/9
  2673 | D:1      | Reached skill level 5 in Spellcasting
  3478 | D:1      | Learned a level 3 spell: Static Discharge
  3970 | D:2      | Reached skill level 1 in Invocations
  5035 | D:2      | Reached skill level 1 in Fighting
  5035 | D:2      | Reached skill level 1 in Short Blades
  5035 | D:2      | Reached skill level 1 in Axes
  5035 | D:2      | Reached skill level 1 in Maces & Flails
  5035 | D:2      | Reached skill level 1 in Polearms
  5035 | D:2      | Reached skill level 1 in Staves
  5035 | D:2      | Reached skill level 1 in Slings
  5035 | D:2      | Reached skill level 1 in Bows
  5035 | D:2      | Reached skill level 1 in Crossbows
  5035 | D:2      | Reached skill level 1 in Armour
  5035 | D:2      | Reached skill level 1 in Dodging
  5035 | D:2      | Reached skill level 1 in Shields
  5035 | D:2      | Reached skill level 1 in Unarmed Combat
  5035 | D:2      | Reached skill level 1 in Evocations
  5181 | D:2      | Reached XP level 4. HP: 25/32 MP: 11/11
  6540 | D:3      | Found a sacrificial altar of Ru.
  6782 | D:3      | Found a sparkling altar of Nemelex Xobeh.
  7640 | D:4      | Reached skill level 1 in Conjurations
  7640 | D:4      | Reached skill level 1 in Hexes
  7640 | D:4      | Reached skill level 1 in Charms
  7640 | D:4      | Reached skill level 1 in Summonings
  7640 | D:4      | Reached skill level 1 in Necromancy
  7640 | D:4      | Reached skill level 1 in Fire Magic
  7640 | D:4      | Reached skill level 1 in Ice Magic
  7640 | D:4      | Reached skill level 1 in Air Magic
  7640 | D:4      | Reached skill level 1 in Earth Magic
  7640 | D:4      | Reached skill level 1 in Poison Magic
  8034 | D:4      | Killed from afar by an orc wizard

Vault maps used:
D:1:      lemuel_arrival_rhombus
D:2:      first_ration
D:3:      hangedman_ru_absence, nemelex_diamond_rough_becter
D:4:      vehumet_statue, led_xom_imps, uniq_grinder

Skill      XL: |  1  2  3  4 |
---------------+-------------+-----
Transmutations | 2 |  2.2
Spellcasting   | 5 |  5.1
Invocations    | 1 |  1.3
Fighting       | 1 |  1.2
Short Blades   | 1 |  1.2
Axes           | 1 |  1.2
Maces & Flails | 1 |  1.2
Polearms       | 1 |  1.2
Staves         | 1 |  1.2
Slings         | 1 |  1.2
Bows           | 1 |  1.2
Crossbows      | 1 |  1.2
Armour         | 1 |  1.2
Dodging        | 1 |  1.2
Shields        | 1 |  1.2
Unarmed Combat | 1 |  1.2
Evocations     | 1 |  1.2
Conjurations   | 1 |  1.0
Hexes          | 1 |  1.0
Charms         | 1 |  1.0
Summonings     | 1 |  1.0
Necromancy     | 1 |  1.0
Fire Magic     | 1 |  1.0
Ice Magic      | 1 |  1.0
Air Magic      | 1 |  1.0
Earth Magic    | 1 |  1.0
Poison Magic   | 1 |  1.0
Long Blades    | |  6.6
Throwing       | |  2.8
Stealth        | |  2.6
Translocations | |  3.8

Action                   |  1- 3 |  4- 6 || total
-------------------------+-------+-------++-------
Melee: Club              |    45 |       ||    45
       Bite              |    13 |     7 ||    20
       Blowgun           |     1 |       ||     1
       Hand axe          |    72 |    32 ||   104
 Fire: Blowgun           |     7 |       ||     7
 Cast: Magic Dart        |    45 |    11 ||    56
       Sting             |     9 |       ||     9
       Static Discharge  |     2 |     4 ||     6
  Use: Potion            |     1 |       ||     1
       Scroll            |     3 |     3 ||     6
 Stab: Sleeping          |     4 |       ||     4
  Eat: Chunk             |     6 |     1 ||     7
       Ration            |     2 |     2 ||     4
Armor: Robe              |    72 |     4 ||    76
Dodge: Dodged            |   144 |    14 ||   158
Block: Buckler           |    24 |     6 ||    30

Table legend:
 A = Spawn XP
 B = Non-spawn XP
 C = Spawn XP percentage of total XP
 D = Spawn monster count
 E = Non-spawn monster count
 F = Spawn count percentage of total count
 G = Total turns spent on level
                    A         B        C        D         E        F      G
               +---------+---------+-------+---------+---------+-------+---------
         Total |       0 |     135 |   0.0 |       0 |      49 |   0.0 |  8034
               +---------+---------+-------+---------+---------+-------+---------
           D:1 |       0 |      51 |   0.0 |       0 |      27 |   0.0 |  4328
           D:2 |       0 |      38 |   0.0 |       0 |      18 |   0.0 |  2175
           D:3 |       0 |       5 |   0.0 |       0 |       3 |   0.0 |  1027
           D:4 |       0 |      41 |   0.0 |       0 |       1 |   0.0 |   504
               +---------+---------+-------+---------+---------+-------+---------
